 Dungeon Crawl Stone Soup version bcrawl-1.32 (webtiles) character file.

Game seed: 1035998044584760957

128127 Morbidden the Firebug (level 5, -5/40 HPs)
             Began as a Demigod Fire Elementalist on July 5, 2021.
             Killed from afar by an orc wizard (11 damage)
             ... with a puff of frost
             ... on level 4 of the Dungeon.
             The game lasted 00:03:16 (3006 turns).

Morbidden the Firebug (Demigod Fire Elementalist)   Turns: 3006, Time: 00:03:17

Health: -5/40      AC:  2    Str: 14    XL:     5   Next: 20%
Magic:  3/11       EV: 12    Int: 19    God:    Demigod [*.....]
Gold:   198        SH:  0    Dex: 17    Spells: 5/9 levels left

rFire    . . .     SeeInvis .   a - +0 dagger
rCold    . . .     Gourm    .   (no shield)
rNeg     . . .     Faith    .   j - +0 robe
rPois    .         Spirit   .   (no helmet)
rElec    .         Reflect  .   (no cloak)
rCorr    .         Harm     .   (no gloves)
MR       .....                  (no boots)
Stlth    ++........             (no amulet)
HPRegen  0.13/turn              (no ring)
MPRegen  0.12/turn              (no ring)

@: no status effects
A: high mp 1
a: Temporal Distortion


You were on level 4 of the Dungeon.
You worshipped Demigod.
Demigod was aware of your devotion.
You were not hungry.

You visited 1 branch of the dungeon, and saw 4 of its levels.

You collected 198 gold pieces.

Inventory:

Hand Weapons
 a - a +0 dagger (weapon)
Missiles
 c - 1060 stones (quivered)
Armour
 j - a +0 robe (worn)
 k - a scarf of spirit shield
Wands
 b - a wand of disintegration (7)
Scrolls
 d - a scroll of teleportation {unknown}
 i - 3 scrolls of identify
 l - 2 scrolls of amnesia {unknown}
 p - a scroll of fog {unknown}
 q - a scroll of enchant armour {unknown}
 r - a scroll of remove curse {unknown}
 v - a scroll of noise {unknown}
 x - a scroll of magic mapping {unknown}
Potions
 f - a potion of mutation {unknown}
 g - 4 potions of curing {unknown}
 h - 2 potions of heal wounds {unknown}
 m - a potion of brilliance {unknown}
 n - a potion of resistance {unknown}
 o - a potion of invisibility {unknown}
 s - a potion of agility {unknown}
 t - a potion of cancellation {unknown}
 w - a potion of flight {unknown}
Comestibles
 e - 6 rations {!d}
 u - 2 chunks of flesh


   Skills:
 * Level 1.1 Fighting
 + Level 1.9 Dodging
 + Level 2.3 Stealth
 + Level 2.6 Spellcasting
 + Level 1.7 Conjurations
 + Level 3.7 Fire Magic
 * Level 2.0 Invocations


You had 5 spell levels left.
You knew the following spells:

 Your Spells              Type           Power        Failure   Level  Hunger
a - Flame Tongue          Conj/Fire      ##...        5%          1    None
b - Conjure Flame         Conj/Fire      ##......     16%         3    ####...

Your spell library contained the following spells:

 Spells                   Type           Power        Failure   Level  Hunger
 Flaming Arrows           Chrm/Fire      #.......     11%         2    ##.....
 Inner Flame              Hex/Fire       N/A          22%         3    ####...
 Sticky Flame             Conj/Fire      ##......     45%         4    #####..
 Fireball                 Conj/Fire      ##........   82%         5    #######


Dungeon Overview and Level Annotations

Branches:
Dungeon (4/12)
 Temple: D:4-7


Innate Abilities, Weirdness & Mutations

You have an increased reservoir of magic. (+10% MP)


Message History

Aiming: Flame Tongue (safe; 5% risk of failure)
Press: ? - help, Shift-Dir - straight line, f/p - orc wizard
Aim: an orc wizard, wielding a +0 dagger and wearing a +0 robe (severely wounded)
The flame tongue hits the orc wizard but does no damage.
The orc wizard is severely wounded.
The orc wizard hits you with a +0 dagger.
* * * LOW HITPOINT WARNING * * *
The orc hits you with a +0 hand axe.
* * * LOW HITPOINT WARNING * * *
Casting: Flame Tongue (safe; 5% risk of failure)
Confirm with . or Enter, or press ? or * to list all spells.
Aiming: Flame Tongue (safe; 5% risk of failure)
Press: ? - help, Shift-Dir - straight line, f/p - orc wizard
Aim: an orc wizard, wielding a +0 dagger and wearing a +0 robe (severely wounded)
The flame tongue hits the orc wizard.
The orc wizard is almost dead.
The orc wizard casts a spell at you. The puff of frost hits you!
You die...
Your divinity fades.

#.#.#.#.#.####...
#.#.#.#..<.......
#.#.#.#.#.######.
#.#.#b#รท#.#
#####.#.#.#.#.#
###....<..#.#.#.#
#.........b.....#
#.#.#############
# #...@o(.#
#.###o#.# #.# .#
#.# .# #.# .# #..
.# .## ## .


You could see an orc wizard and an orc.

Vanquished Creatures
  2 orc wizards (D:3)
  2 adders
  An ooze (D:2)
  4 worms
  2 dart slugs
  4 leopard geckos
  7 orcs (D:3)
  4 giant cockroaches
  5 goblins
  3 hobgoblins (D:2)
  6 jackals (D:3)
  6 quokkas
  A ball python (D:1)
  3 bats
  2 frilled lizards (D:2)
  5 kobolds
  2 rats (D:2)
59 creatures vanquished.

Notes
Turn   | Place    | Note
-------+----------+-------------------------------------------
     0 | D:1      | Morbidden the Demigod Fire Elementalist began the quest for
                  | the Orb.
     0 | D:1      | Reached XP level 1. HP: 14/14 MP: 5/5
   319 | D:1      | Reached skill level 3 in Fire Magic
   355 | D:1      | Reached XP level 2. HP: 20/20 MP: 2/7
   649 | D:1      | Reached skill level 1 in Conjurations
   924 | D:2      | Reached skill level 1 in Invocations
   924 | D:2      | Reached XP level 3. HP: 26/26 MP: 4/8
   965 | D:2      | Reached * piety under Demigod
  1572 | D:2      | Learned a level 3 spell: Conjure Flame
  1918 | D:3      | Reached XP level 4. HP: 30/34 MP: 3/10
  2076 | D:3      | Reached skill level 1 in Fighting
  2265 | D:3      | Found a sacrificial altar of Ru.
  2265 | D:3      | Found a sparkling altar of Nemelex Xobeh.
  2711 | D:3      | Found a shimmering altar of Xom.
  2713 | D:3      | Reached XP level 5. HP: 40/40 MP: 9/11
  3006 | D:4      | Killed from afar by an orc wizard

Skill      XL: |  1  2  3  4  5 |
---------------+----------------+-----
Fire Magic     | 3 |  3.7
Spellcasting   | 2 |  2.6
Conjurations   | 1 |  1.7
Invocations    | 1 2 |  2.0
Fighting       | 1 |  1.1
Dodging        | |  1.9
Stealth        | |  2.3

Action                   |  1- 3 |  4- 6 || total
-------------------------+-------+-------++-------
Melee: Unarmed           |     2 |       ||     2
       Dagger            |     6 |     6 ||    12
 Cast: Flame Tongue      |    84 |    57 ||   141
       Conjure Flame     |     1 |       ||     1
  Eat: Chunk             |     4 |     5 ||     9
Armor: Robe              |     8 |     1 ||     9
Dodge: Dodged            |    22 |    16 ||    38
